| TOP OF THE 1ST |
|
St. Louis Cardinals batting - Pitching for Chicago Cubs : RHP Edwin Rivera
|
|
Pitching: RHP Edwin Rivera
|
|
|
Batting: LHB Ichiro Toyota
|
0-0: Ball 1-0: Called Strike 1-1: Fly out, F8 (Flyball, 78M, EV 89.4 MPH)
|
|
Batting: LHB Pat Sutton
|
0-0: SINGLE (Line Drive, 4D, EV 110.0 MPH)
|
|
Batting: SHB Antoine Roux
|
0-0: Called Strike 0-1: Ball 1-1: Foul Ball, location: 2F 1-2: Ball 2-2: Foul Ball, location: 2F 2-2: DOUBLE (Line Drive, 9LS, EV 94.4 MPH) Pat Sutton to third
|
|
Batting: LHB Armando Carbajal
|
0-0: Ball 1-0: Ball 2-0: Called Strike 2-1: SINGLE (Groundball, 4MD, EV 100.6 MPH) Pat Sutton scores Antoine Roux to third Runner from 3rd tries for Home, SAFE, throw by CF to home
|
|
Batting: RHB Jordan Diaz
|
0-0: Foul Ball, location: 2F 0-1: Called Strike 0-2: Strikes out swinging
|
|
Batting: SHB Chris Blue
|
0-0: Ball 1-0: Ball 2-0: Called Strike 2-1: Ball 3-1: Foul Ball, location: 2F 3-2: Strikes out looking
|
| Top of the 1st over - 2 runs, 3 hits, 0 errors, 1 left on base; St. Louis 2 - Chicago 0 |
| BOTTOM OF THE 1ST |
|
Chicago Cubs batting - Pitching for St. Louis Cardinals : LHP Antonio Lacayo
|
|
Pitching: LHP Antonio Lacayo
|
|
|
Batting: RHB Steve Bartman Jr.
|
0-0: Ball 1-0: Ball 2-0: Foul Ball, location: 2F 2-1: Ball 3-1: Swinging Strike 3-2: Foul Ball, location: 2F 3-2: Strikes out looking
|
|
Batting: RHB Heef Harted
|
0-0: Called Strike 0-1: Ball 1-1: Ball 2-1: Ground out 4-3 (Groundball, 4, EV 110.0 MPH)
|
|
Batting: RHB Efrain Vargas
|
0-0: Ball 1-0: Foul Ball, location: 2F 1-1: Foul Ball, location: 2F 1-2: Ball 2-2: Foul Ball, location: 2F 2-2: Ball 3-2: Foul Ball, location: 2F 3-2: Fly out, F5 (Line Drive, 5L, EV 63.8 MPH)
|
| Bottom of the 1st over - 0 runs, 0 hits, 0 errors, 0 left on base; St. Louis 2 - Chicago 0 |
| TOP OF THE 2ND |
|
St. Louis Cardinals batting - Pitching for Chicago Cubs : RHP Edwin Rivera
|
|
Batting: RHB Melvin Enriquez
|
0-0: Fly out, F9 (Flyball, 9D, EV 95.6 MPH)
|
|
Batting: RHB Rocky Campbell
|
0-0: Ball 1-0: Fly out, F9 (Flyball, 9, EV 83.8 MPH)
|
|
Batting: SHB Jason Kirby
|
0-0: Ball 1-0: Ball 2-0: Called Strike 2-1: Fly out, F7 (Flyball, 78M, EV 90.0 MPH)
|
| Top of the 2nd over - 0 runs, 0 hits, 0 errors, 0 left on base; St. Louis 2 - Chicago 0 |
| BOTTOM OF THE 2ND |
|
Chicago Cubs batting - Pitching for St. Louis Cardinals : LHP Antonio Lacayo
|
|
Batting: RHB Jose Balderrama
|
0-0: Ground out 5-3 (Groundball, 56, EV 85.0 MPH)
|
|
Batting: SHB Moe Lester
|
0-0: Called Strike 0-1: Ball 1-1: Foul Ball, location: 2F 1-2: Ball 2-2: Ball 3-2: Base on Balls
|
|
Batting: RHB Alan Oxenrider
|
0-0: Called Strike 0-1: Foul Ball, location: 2F 0-2: Ball Moe Lester steals 2nd base (no throw) 1-2: Ball 2-2: Ball 3-2: Ground out 6-3 (Groundball, 6, EV 98.1 MPH)
|
|
Batting: LHB Kevin Norton
|
0-0: Ball 1-0: Called Strike 1-1: DOUBLE (Line Drive, 9LS, EV 91.9 MPH) Moe Lester scores
|
|
Batting: RHB Kanehisa Kubo
|
0-0: Foul Ball, location: 2F 0-1: Ball 1-1: Swinging Strike 1-2: Foul Ball, location: 2F 1-2: Ball 2-2: Strikes out swinging
|
| Bottom of the 2nd over - 1 run, 1 hit, 0 errors, 1 left on base; St. Louis 2 - Chicago 1 |
| TOP OF THE 3RD |
|
St. Louis Cardinals batting - Pitching for Chicago Cubs : RHP Edwin Rivera
|
|
Batting: LHB Ichiro Toyota
|
0-0: Called Strike 0-1: Called Strike 0-2: Ball 1-2: Foul Ball, location: 2F 1-2: Foul Ball, location: 2F 1-2: Strikes out looking
|
|
Batting: LHB Pat Sutton
|
0-0: Ball 1-0: Foul Ball, location: 2F 1-1: DOUBLE (Line Drive, 9LM, EV 109.4 MPH)
|
|
Batting: SHB Antoine Roux
|
0-0: Foul Ball, location: 2F 0-1: Swinging Strike 0-2: Hit by Pitch
|
|
Batting: LHB Armando Carbajal
|
0-0: Ball 1-0: SINGLE (Groundball, 6D, EV 105.0 MPH) Pat Sutton to third Antoine Roux to second Runner from 3rd tries for Home, SAFE, throw by CF to home
|
|
Batting: RHB Jordan Diaz
|
0-0: Ball 1-0: Called Strike 1-1: Foul Ball, location: 2F 1-2: Foul Ball, location: 2F 1-2: Strikes out swinging
|
|
Batting: SHB Chris Blue
|
0-0: Ball 1-0: Called Strike 1-1: Called Strike 1-2: Ball 2-2: Strikes out swinging
|
| Top of the 3rd over - 1 run, 2 hits, 0 errors, 2 left on base; St. Louis 3 - Chicago 1 |
| BOTTOM OF THE 3RD |
|
Chicago Cubs batting - Pitching for St. Louis Cardinals : LHP Antonio Lacayo
|
|
Batting: LHB Barend van der Kamp
|
0-0: Ball 1-0: Ball 2-0: Swinging Strike 2-1: Ball 3-1: Base on Balls
|
|
Batting: RHB Steve Bartman Jr.
|
0-0: Ball 1-0: Fly out, F7 (Flyball, 7LSF, EV 90.0 MPH)
|
|
Batting: RHB Heef Harted
|
0-0: Ball 1-0: Fly out, F7 (Flyball, 7D, EV 106.9 MPH)
|
|
Batting: RHB Efrain Vargas
|
0-0: Ball 1-0: Foul Ball, location: 2F 1-1: Foul Ball, location: 2F 1-2: Foul Ball, location: 2F 1-2: Ball 2-2: Foul Ball, location: 2F 2-2: Foul Ball, location: 2F 2-2: Ball Barend van der Kamp steals 2nd base (no throw) 3-2: SINGLE (Groundball, 25, EV 69.4 MPH) (infield hit) Barend van der Kamp to third
|
|
Batting: RHB Jose Balderrama
|
0-0: Called Strike 0-1: Ball 1-1: Ball 2-1: Called Strike 2-2: Ball 3-2: Base on Balls Efrain Vargas to second
|
|
Batting: SHB Moe Lester
|
0-0: Ball 1-0: Called Strike 1-1: Foul Ball, location: 2F 1-2: Ball Wild Pitch! Barend van der Kamp scores Efrain Vargas to third Jose Balderrama to second 2-2: Foul Ball, location: 2F 2-2: Fly out, F8 (Flyball, 8LD, EV 94.4 MPH)
|
| Bottom of the 3rd over - 1 run, 1 hit, 0 errors, 2 left on base; St. Louis 3 - Chicago 2 |
| TOP OF THE 4TH |
|
St. Louis Cardinals batting - Pitching for Chicago Cubs : RHP Edwin Rivera
|
|
Batting: RHB Melvin Enriquez
|
0-0: Foul Ball, location: 2F 0-1: Ball 1-1: Foul Ball, location: 2F 1-2: Ball 2-2: SOLO HOME RUN (Line Drive, 7D, EV 101.9 MPH), Distance : 392 ft
|
|
Batting: RHB Rocky Campbell
|
0-0: Foul Ball, location: 2F 0-1: Ground out U3 (Groundball, 34S, EV 92.5 MPH)
|
|
Batting: SHB Jason Kirby
|
0-0: Called Strike 0-1: Ground out 4-3 (Groundball, 3D, EV 98.8 MPH)
|
|
Batting: LHB Ichiro Toyota
|
0-0: Ground out 3-1 (Groundball, 34D, EV 82.5 MPH)
|
| Top of the 4th over - 1 run, 1 hit, 0 errors, 0 left on base; St. Louis 4 - Chicago 2 |
| BOTTOM OF THE 4TH |
|
Chicago Cubs batting - Pitching for St. Louis Cardinals : LHP Antonio Lacayo
|
|
Batting: RHB Alan Oxenrider
|
0-0: Ball 1-0: Ground out 5-3 (Groundball, 5, EV 105.0 MPH)
|
|
Batting: LHB Kevin Norton
|
0-0: Ball 1-0: Called Strike 1-1: Ball 2-1: Foul Ball, location: 2F 2-2: Foul Ball, location: 2F 2-2: SINGLE (Groundball, 34D, EV 107.5 MPH)
|
|
Batting: RHB Kanehisa Kubo
|
0-0: Ball 1-0: Called Strike 1-1: Ball 2-1: Foul Ball, location: 2F 2-2: Foul Ball, location: 2F 2-2: Ball 3-2: Base on Balls Kevin Norton to second
|
|
Batting: LHB Barend van der Kamp
|
0-0: Fly out, F8 (Line Drive, 8LS, EV 100.6 MPH)
|
|
Batting: RHB Steve Bartman Jr.
|
0-0: Ball 1-0: Fielders Choice at 2nd, 6-4 (Groundball, 6, EV 80.6 MPH)
|
| Bottom of the 4th over - 0 runs, 1 hit, 0 errors, 2 left on base; St. Louis 4 - Chicago 2 |
| TOP OF THE 5TH |
|
St. Louis Cardinals batting - Pitching for Chicago Cubs : RHP Edwin Rivera
|
|
Batting: LHB Pat Sutton
|
0-0: Ground out U3 (Groundball, 34, EV 83.1 MPH)
|
|
Batting: SHB Antoine Roux
|
0-0: Ball 1-0: Swinging Strike 1-1: Swinging Strike 1-2: Foul Ball, location: 2F 1-2: Foul Ball, location: 2F 1-2: Ball 2-2: Ball 3-2: Strikes out swinging
|
|
Batting: LHB Armando Carbajal
|
0-0: Called Strike 0-1: Ball 1-1: Swinging Strike 1-2: Strikes out swinging
|
| Top of the 5th over - 0 runs, 0 hits, 0 errors, 0 left on base; St. Louis 4 - Chicago 2 |
| BOTTOM OF THE 5TH |
|
Chicago Cubs batting - Pitching for St. Louis Cardinals : LHP Antonio Lacayo
|
|
Batting: RHB Heef Harted
|
0-0: Ball 1-0: Called Strike 1-1: Fly out, F9 (Flyball, 89D, EV 95.0 MPH)
|
|
Batting: RHB Efrain Vargas
|
0-0: Called Strike 0-1: Ball 1-1: Foul Ball, location: 2F 1-2: Ball 2-2: Strikes out looking
|
|
Batting: RHB Jose Balderrama
|
0-0: Fly out, F9 (Flyball, 89D, EV 96.2 MPH)
|
| Bottom of the 5th over - 0 runs, 0 hits, 0 errors, 0 left on base; St. Louis 4 - Chicago 2 |
| TOP OF THE 6TH |
|
St. Louis Cardinals batting - Pitching for Chicago Cubs : RHP Edwin Rivera
|
|
Batting: RHB Jordan Diaz
|
0-0: Foul Ball, location: 2F 0-1: SINGLE (Line Drive, 9S, EV 86.9 MPH)
|
|
Batting: SHB Chris Blue
|
0-0: Called Strike 0-1: Called Strike 0-2: Fly out, F8 (Flyball, 8LXD, EV 111.2 MPH)
|
|
Batting: RHB Melvin Enriquez
|
0-0: Called Strike 0-1: Ball 1-1: Called Strike 1-2: Ball 2-2: Fly out, F8 (Flyball, 8RM, EV 90.6 MPH)
|
|
Batting: RHB Rocky Campbell
|
0-0: SINGLE (Line Drive, 7S, EV 99.4 MPH) Jordan Diaz to second Runner from 2nd tries for 3rd, SAFE, throw by LF made to third
|
|
Pinch Runner at 3rd Klaas Meij:
|
|
|
Batting: SHB Jason Kirby
|
0-0: SINGLE (Flyball, 89M, EV 93.8 MPH) Klaas Meij scores Rocky Campbell to second Runner from 2nd tries for 3rd, SAFE, throw by RF made at trailing runner, OUT! 9-6
|
| Top of the 6th over - 1 run, 3 hits, 0 errors, 1 left on base; St. Louis 5 - Chicago 2 |
| BOTTOM OF THE 6TH |
|
Chicago Cubs batting - Pitching for St. Louis Cardinals : LHP Antonio Lacayo
|
|
Batting: SHB Moe Lester
|
0-0: Foul Ball, location: 2F 0-1: SINGLE (Flyball, 8LS, EV 93.8 MPH)
|
|
Pitching: RHP Geoff Mooney
|
|
|
Batting: RHB Alan Oxenrider
|
0-0: Called Strike 0-1: Ball 1-1: Ball 2-1: Called Strike 2-2: Strikes out looking
|
|
Batting: LHB Kevin Norton
|
0-0: Ball Moe Lester steals 2nd base (no throw) 1-0: Ball 2-0: Ball 3-0: Called Strike 3-1: DOUBLE (Groundball, 3L, EV 101.2 MPH) Moe Lester scores
|
|
Batting: RHB Kanehisa Kubo
|
0-0: Ground out 6-3 (Groundball, 6, EV 93.8 MPH) Kevin Norton to third
|
|
Batting: LHB Barend van der Kamp
|
0-0: Foul Ball, location: 2F 0-1: Foul Ball, location: 2F 0-2: Ball 1-2: Foul Ball, location: 2F 1-2: Strikes out looking
|
| Bottom of the 6th over - 1 run, 2 hits, 0 errors, 1 left on base; St. Louis 5 - Chicago 3 |
| TOP OF THE 7TH |
|
St. Louis Cardinals batting - Pitching for Chicago Cubs : RHP Edwin Rivera
|
|
Pitching: RHP Chris Perretta
|
|
|
Batting: LHB Ichiro Toyota
|
0-0: Ball 1-0: Swinging Strike 1-1: Ball 2-1: Called Strike 2-2: Strikes out looking
|
|
Batting: LHB Pat Sutton
|
0-0: Ball 1-0: Ball 2-0: Foul Ball, location: 2F 2-1: Fly out, F9 (Line Drive, 9S, EV 99.4 MPH)
|
|
Batting: SHB Antoine Roux
|
0-0: Called Strike 0-1: Ball 1-1: Ball 2-1: Ball 3-1: TRIPLE (Flyball, 89XD, EV 93.1 MPH)
|
|
Batting: LHB Armando Carbajal
|
0-0: Swinging Strike 0-1: Ball 1-1: Ball 2-1: Foul Ball, location: 2F 2-2: Foul Ball, location: 2F 2-2: Strikes out looking
|
| Top of the 7th over - 0 runs, 1 hit, 0 errors, 1 left on base; St. Louis 5 - Chicago 3 |
| BOTTOM OF THE 7TH |
|
Chicago Cubs batting - Pitching for St. Louis Cardinals : RHP Geoff Mooney
|
|
Batting: RHB Steve Bartman Jr.
|
0-0: Called Strike 0-1: Ball 1-1: Foul Ball, location: 2F 1-2: Strikes out swinging
|
|
Batting: RHB Heef Harted
|
0-0: Called Strike 0-1: Ball 1-1: Ball 2-1: Ball 3-1: Called Strike 3-2: TRIPLE (Flyball, 78XD, EV 97.5 MPH)
|
|
Batting: RHB Efrain Vargas
|
0-0: Swinging Strike 0-1: Foul Ball, location: 2F 0-2: Ball 1-2: Ball 2-2: Strikes out looking
|
|
Batting: RHB Jose Balderrama
|
0-0: Foul Ball, location: 2F 0-1: Ball 1-1: Ball 2-1: Foul Ball, location: 2F 2-2: Ball Wild Pitch! Heef Harted scores 3-2: Foul Ball, location: 2F 3-2: Fly out, F4 (Flyball, 4D, EV 84.4 MPH)
|
| Bottom of the 7th over - 1 run, 1 hit, 0 errors, 0 left on base; St. Louis 5 - Chicago 4 |
| TOP OF THE 8TH |
|
St. Louis Cardinals batting - Pitching for Chicago Cubs : RHP Chris Perretta
|
|
Batting: RHB Klaas Meij
|
0-0: Swinging Strike 0-1: Foul Ball, location: 2F 0-2: Foul Ball, location: 2F 0-2: Ball 1-2: Strikes out swinging
|
|
Batting: SHB Chris Blue
|
0-0: Called Strike 0-1: Ball 1-1: Swinging Strike 1-2: SINGLE (Groundball, 3D, EV 93.8 MPH)
|
|
Batting: RHB Melvin Enriquez
|
0-0: Ball 1-0: Called Strike 1-1: Ball 2-1: 2-RUN HOME RUN (Flyball, 7LD, EV 105.0 MPH), Distance : 388 ft
|
|
Batting: RHB Rocky Campbell
|
0-0: Called Strike 0-1: Ground out U3 (Groundball, 13, EV 86.2 MPH)
|
|
Batting: SHB Jason Kirby
|
0-0: Ball 1-0: Called Strike 1-1: Swinging Strike 1-2: Foul Ball, location: 2F 1-2: Ball 2-2: Foul Ball, location: 2F 2-2: SINGLE (Line Drive, 7S, EV 93.1 MPH)
|
|
Batting: LHB Ichiro Toyota
|
0-0: Called Strike Jason Kirby steals 2nd base (no throw) 0-1: Ball 1-1: DOUBLE (Line Drive, 9LS, EV 106.2 MPH) Jason Kirby scores
|
|
Pitching: RHP Josh MacQueen
|
|
|
Batting: LHB Pat Sutton
|
0-0: Fly out, F9 (Flyball, 9, EV 94.4 MPH)
|
| Top of the 8th over - 3 runs, 4 hits, 0 errors, 1 left on base; St. Louis 8 - Chicago 4 |
| BOTTOM OF THE 8TH |
|
Chicago Cubs batting - Pitching for St. Louis Cardinals : RHP Geoff Mooney
|
|
Pitching: RHP Ray Scifo
|
|
|
Batting: SHB Moe Lester
|
0-0: Foul Ball, location: 2F 0-1: Fly out, F8 (Flyball, 8RD, EV 101.2 MPH)
|
|
Batting: RHB Alan Oxenrider
|
0-0: Ball 1-0: Ball 2-0: Ball 3-0: Base on Balls
|
|
Batting: LHB Kevin Norton
|
0-0: Called Strike 0-1: Ball 1-1: Ball 2-1: Ball 3-1: Base on Balls Alan Oxenrider to second
|
|
Batting: RHB Kanehisa Kubo
|
0-0: Ball 1-0: Ball 2-0: Ball 3-0: Grounds into double play, 6-4-3 (Groundball, 6MS, EV 80.0 MPH)
|
| Bottom of the 8th over - 0 runs, 0 hits, 0 errors, 1 left on base; St. Louis 8 - Chicago 4 |
| TOP OF THE 9TH |
|
St. Louis Cardinals batting - Pitching for Chicago Cubs : RHP Josh MacQueen
|
|
Batting: SHB Antoine Roux
|
0-0: Called Strike 0-1: Foul Ball, location: 2F 0-2: Ball 1-2: Ball 2-2: Ball 3-2: Base on Balls
|
|
Batting: LHB Armando Carbajal
|
0-0: Ball 1-0: Ball 2-0: Grounds into double play, 4-6-3 (Groundball, 4, EV 75.6 MPH)
|
|
Batting: RHB Klaas Meij
|
0-0: Ball 1-0: Ball 2-0: Foul Ball, location: 2F 2-1: Ball 3-1: Foul Ball, location: 2F 3-2: Foul Ball, location: 2F 3-2: Ground out 6-3 (Groundball, 6, EV 83.8 MPH)
|
| Top of the 9th over - 0 runs, 0 hits, 0 errors, 0 left on base; St. Louis 8 - Chicago 4 |
| BOTTOM OF THE 9TH |
|
Chicago Cubs batting - Pitching for St. Louis Cardinals : RHP Ray Scifo
|
|
Batting: LHB Barend van der Kamp
|
0-0: Foul Ball, location: 2F 0-1: Called Strike 0-2: Fly out, F8 (Flyball, 78D, EV 92.5 MPH)
|
|
Batting: RHB Steve Bartman Jr.
|
0-0: Ball 1-0: Ball 2-0: Foul Ball, location: 2F 2-1: Called Strike 2-2: Foul Ball, location: 2F 2-2: Ball 3-2: Foul Ball, location: 2F 3-2: Base on Balls
|
|
Batting: RHB Heef Harted
|
0-0: Called Strike 0-1: Ball 1-1: SINGLE (Groundball, P, EV 93.1 MPH) (infield hit) Steve Bartman Jr. to second
|
|
Pitching: RHP Bryan Banana
|
|
|
Batting: RHB Efrain Vargas
|
0-0: Ball 1-0: Ball 2-0: Swinging Strike 2-1: 3-RUN HOME RUN (Line Drive, 9LD, EV 106.2 MPH), Distance : 390 ft
|
|
Batting: RHB Jose Balderrama
|
0-0: Called Strike 0-1: Ball 1-1: Ground out 6-3 (Groundball, 56S, EV 87.5 MPH)
|
|
Batting: SHB Moe Lester
|
0-0: Ball 1-0: Foul Ball, location: 2F 1-1: Called Strike 1-2: SINGLE (Line Drive, 89M, EV 99.4 MPH)
|
|
Batting: RHB Alan Oxenrider
|
0-0: Ball 1-0: Ball 2-0: Ball 3-0: Called Strike 3-1: Called Strike 3-2: SINGLE (Groundball, 6MD, EV 105.6 MPH) Moe Lester to second Moe Lester to third
|
|
Batting: LHB Kevin Norton
|
0-0: Ground out 4-3 (Groundball, 4, EV 101.9 MPH)
|
| Bottom of the 9th over - 3 runs, 4 hits, 0 errors, 2 left on base; St. Louis 8 - Chicago 7 |
|